 Dungeon Crawl Stone Soup version 0.26-a0-753-g4680b4fa2e (webtiles) character file.

Game seed: 1417819678277094274

694 Descartes the Covered (level 7, -7/56 HPs)
             Began as a Formicid Chaos Knight on Nov 7, 2020.
             Was a Plaything of Xom.
             Killed by drain life
             ... invoked by a soul eater
             ... summoned by Xom
              (15 damage)
             ... on level 6 of the Dungeon.
             The game lasted 00:11:59 (3784 turns).

Descartes the Covered (Formicid Chaos Knight)       Turns: 3784, Time: 00:12:00

Health: -7/56      AC: 21    Str: 18 (19) XL:     7   Next: 96%
Magic:  7/7        EV:  3    Int: 16 (17) God:    Xom [....*.]
Gold:   174        SH:  0    Dex:  9 (12) Spells: 6/6 levels left

rFire    + . .     SeeInvis +   a - +0 hand axe (chaos)
rCold    . . .     Faith    .   (no shield)
rNeg     . . .     Spirit   .   l - +1 crystal plate armour
rPois    .         Reflect  .   (helmet unavailable)
rElec    .         Harm     .   (no cloak)
rCorr    .         Rampage  .   i - +1 pair of gloves
MR       .....                  (no boots)
Stlth    ..........             (no amulet)
HPRegen  0.18/turn              d - ring of protection from fire
MPRegen  0.10/turn              u - +6 ring of intelligence

@: lethally poisoned (-7 -> -14)
A: permanent stasis, dig shafts and tunnels, four strong arms, antennae 3, agile
1, mutation resistance 1, shaggy fur 1, wild magic 1
a: Dig, Shaft Self, Renounce Religion


You were on level 6 of the Dungeon.
You worshipped Xom.
You were a beloved toy of Xom.
You visited 1 branch of the dungeon, and saw 6 of its levels.

You collected 174 gold pieces.

Inventory:

Hand Weapons
 a - a +0 hand axe of chaos (weapon)
 q - a +0 war axe
Missiles
 h - 180 stones
 n - 35 poisoned darts
 o - 47 bolts
 y - 7 silver boomerangs (quivered)
Armour
 i - a +1 pair of gloves (worn)
 l - a +1 crystal plate armour (worn)
Jewellery
 b - an uncursed ring of positive energy {unknown}
 d - a ring of protection from fire (left hand)
 j - a +6 ring of intelligence
 u - a +6 ring of intelligence (right hand)
Wands
 k - a wand of random effects (5)
 x - a wand of flame (17)
Scrolls
 c - a scroll of remove curse
 e - 2 scrolls of magic mapping
 f - 3 scrolls of fog
 g - a scroll of enchant armour
 m - a scroll of amnesia
 r - 2 scrolls of immolation {unknown}
 w - 3 scrolls of identify {unknown}
Potions
 z - a potion of haste


   Skills:
 + Level 5.5 Fighting
 - Level 5.0 Axes
 + Level 5.5 Armour
 - Level 3.0 Dodging


You had 6 spell levels left.
You didn't know any spells.
Your spell library was empty.

Dungeon Overview and Level Annotations

Branches:
Dungeon (6/15)
 Temple: D:4-7

Altars:
Dithmenos
Nemelex Xobeh


Innate Abilities, Weirdness & Mutations

You cannot be hasted, slowed, berserked, paralysed or teleported.
You can dig through walls and to a lower floor.
Your four strong arms can wield two-handed weapons with a shield.
You have a pair of large antennae on your head. (SInv)
You are agile. (Dex +2)
You are somewhat resistant to further mutation.
You are covered in fur. (AC +1)
Your spells are a little harder to cast, but a little more powerful.


Message History

The cane toad stings you.
* * * LOW HITPOINT WARNING * * *
Your crystal plate armour prevents you from hitting the cane toad.
The cane toad is lightly wounded.
* * * LOW HITPOINT WARNING * * *
You feel sick. The cane toad barely misses you.
You hit the cane toad but do no damage.
The cane toad is lightly wounded.
You hit the soul eater. You hit the ufetubus.
The ufetubus convulses.
* * * LOW HITPOINT WARNING * * *
You feel sick.
Xom's power touches on a nearby monster.
The iron imp suddenly stops moving!
You are now a beloved toy of Xom.
The ufetubus hits you but does no damage. x2
The cane toad stings you but does no damage.
The ufetubus hits you but does no damage. x2
The soul eater draws from the surrounding life force!
You die...
Xom is highly amused!

....#............#
...###.###...#####
##########...########
.....#..........'...#
.....#..........#...#
.....#..........#...#
.##.##..##...########
.##'##..####'########..##
................@F.......
...............35#5......
................5#.......
.................#.......
.###..####.####..###...##
.####+####+## #### ...#
..).........# ..+ B
............+ ..#
..##.......#


You could see a soul eater (summoned), a cane toad shaped shifter (strong,
drained), an iron imp (summoned, paralysed), a shadow imp (summoned) and an
ufetubus (summoned).

Vanquished Creatures
  A black bear (D:6)
  A phantom (D:4)
  A centaur (D:5)
  2 howler monkeys
  Jessica (D:2)
  Terence (D:2)
  Natasha (twice) (D:2)
  A worker ant (D:4)
  5 adders
  7 gnolls
  An adder zombie (D:5)
  2 worms
  2 dart slugs
  2 leopard geckos
  An orc (D:3)
  9 bats
  6 giant cockroaches
  3 goblins (D:1)
  5 hobgoblins
  7 jackals
  2 quokkas
  5 frilled lizards
  A jackal zombie (D:6)
  6 kobolds
  9 rats
83 creatures vanquished.

Vanquished Creatures (others)
  A worker ant (D:4)
1 creature vanquished.

Grand Total: 84 creatures vanquished

Notes
Turn   | Place    | Note
-------+----------+-------------------------------------------
     0 | D:1      | Descartes the Formicid Chaos Knight began the quest for the
                  | Orb.
     0 | D:1      | Reached XP level 1. HP: 18/18 MP: 1/1
     7 | D:1      | Reached skill level 1 in Dodging
    76 | D:1      | Reached XP level 2. HP: 19/24 MP: 2/2
   215 | D:1      | XOM: silly message
   291 | D:1      | Reached XP level 3. HP: 24/29 MP: 3/3
   946 | D:2      | Noticed Jessica
   947 | D:2      | XOM: silly message
   950 | D:2      | XOM: potion effect (invisibility)
   955 | D:2      | Killed Jessica
   955 | D:2      | Reached XP level 4. HP: 37/37 MP: 4/4
  1013 | D:2      | Noticed Terence
  1017 | D:2      | XOM: potion effect (invisibility)
  1028 | D:2      | Killed Terence
  1028 | D:2      | Reached XP level 5. HP: 42/42 MP: 5/5
  1096 | D:2      | Noticed Natasha
  1107 | D:2      | Killed Natasha
  1502 | D:2      | XOM: silly message
  1506 | D:2      | Noticed Natasha
  1518 | D:2      | Killed Natasha
  1908 | D:3      | XOM: divination: detect creatures
  1917 | D:3      | Reached XP level 6. HP: 46/49 MP: 6/6
  2621 | D:4      | Found a sparkling altar of Nemelex Xobeh.
  2720 | D:4      | XOM: god gift: 7 silver boomerangs
  2779 | D:4      | XOM: divine lightning
  2781 | D:4      | Noticed a phantom
  2783 | D:4      | Found a shadowy altar of Dithmenos.
  2790 | D:4      | XOM: silly message
  2793 | D:4      | XOM: summons 3 hostile demons
  2799 | D:4      | XOM: polymorph white imp -> crimson imp
  2800 | D:4      | XOM: give mutation
  2800 | D:4      | Gained mutation: Your spells are a little harder to cast,
                  | but a little more powerful. [Xom's mischief]
  2957 | D:3      | XOM: summons 1 hostile shadow creature
  3074 | D:4      | XOM: give mutations
  3074 | D:4      | Gained mutation: You are covered in fur. (AC +1) [Xom's
                  | grace]
  3074 | D:4      | Gained mutation: You are agile. (Dex +2) [Xom's grace]
  3074 | D:4      | Gained mutation: You are very agile. (Dex +4) [Xom's grace]
  3076 | D:4      | Killed a phantom
  3076 | D:4      | Reached skill level 5 in Fighting
  3076 | D:4      | Reached XP level 7. HP: 53/56 MP: 7/7
  3147 | D:5      | Entered Level 5 of the Dungeon
  3196 | D:5      | Reached skill level 5 in Axes
  3205 | D:5      | Reached skill level 5 in Armour
  3217 | D:5      | Noticed a shapeshifter
  3217 | D:5      | a ball python changed into a shapeshifter
  3217 | D:5      | XOM: polymorph ball python -> shapeshifter
  3217 | D:5      | Noticed a polar bear
  3217 | D:5      | a shapeshifter changed into a polar bear
  3223 | D:5      | a polar bear changed into an eye of draining
  3227 | D:5      | Noticed a human
  3227 | D:5      | an eye of draining changed into a human
  3228 | D:5      | XOM: noise
  3231 | D:5      | Noticed a raiju
  3231 | D:5      | a human changed into a raiju
  3251 | D:5      | Lost mutation: You are very agile. (Dex +4) [potion of
                  | mutation]
  3251 | D:5      | Lost mutation: Your spells are a little harder to cast, but
                  | a little more powerful. [potion of mutation]
  3251 | D:5      | Lost mutation: You are covered in fur. (AC +1) [potion of
                  | mutation]
  3251 | D:5      | Gained mutation: You are somewhat resistant to further
                  | mutation. [potion of mutation]
  3251 | D:5      | Gained mutation: Your spells are a little harder to cast,
                  | but a little more powerful. [potion of mutation]
  3251 | D:5      | Gained mutation: You are covered in fur. (AC +1) [potion of
                  | mutation]
  3257 | D:5      | XOM: stat loss: -1 Str (17/19)
  3545 | D:6      | XOM: torment (29/56 hp)
  3733 | D:6      | XOM: stat loss: -1 Dex (9/12)
  3759 | D:6      | XOM: smoke on damage
  3764 | D:6      | Noticed a shapeshifter
  3764 | D:6      | a jackal changed into a shapeshifter
  3764 | D:6      | XOM: divination: detect creatures
  3764 | D:6      | Noticed a cane toad
  3764 | D:6      | a shapeshifter changed into a cane toad
  3776 | D:6      | XOM: chaos cloud
  3782 | D:6      | XOM: summons 4 hostile demons
  3783 | D:6      | Noticed a soul eater
  3784 | D:6      | XOM: enchant monster (good)
  3784 | D:6      | Killed from afar by a soul eater

Illustrated notes

Levels and vault maps discovered:
D:1:      onia_arrival_pyramid, layout_rooms, st_stairs_10
D:2:      layout_basic, minmay_cupped, uniq_terence, uniq_natasha, uniq_jessica
D:3:      layout_basic
D:4:      layout_basic, lemuel_crystal_altar, grunt_dithmenos_shadows
D:5:      layout_basic
D:6:      layout_gridville, minmay_temple_entry_statues_fountains, basic_altar,
          kennysheep_small_spiral

Skill      XL: |  1  2  3  4  5  6  7 |
---------------+----------------------+-----
Dodging        | 1 2 3 |  3.0
Armour         | 3 4 5 |  5.5
Fighting       | 4 5 |  5.5
Axes           | 4 5 |  5.0

Action                   |  1- 3 |  4- 6 |  7- 9 || total
-------------------------+-------+-------+-------++-------
Melee: Hand axe          |    74 |   177 |    86 ||   337
 Abil: Dig               |       |     4 |       ||     4
  Use: Scroll            |       |     6 |     1 ||     7
       Potion            |       |     1 |     8 ||     9
 Stab: Invisible         |       |     3 |       ||     3
       Petrified         |       |     6 |     9 ||    15
       Paralysed         |       |     2 |     1 ||     3
Armor: Leather armour    |    23 |    13 |       ||    36
       Chain mail        |       |    92 |       ||    92
       Crystal plate arm |       |       |    79 ||    79
Dodge: Dodged            |    44 |    94 |    15 ||   153

Table legend: (Time is in decaauts)
 A = Elapsed time spent in this place.
 B = Non-inter-level travel time spent in this place.
 C = Inter-level travel time spent in this place.
 D = Time resting spent in this place.
 E = Time spent auto-exploring this place.
 F = Levels seen in this place.
 G = Mean time per level.
                   A        B        C        D        E       F      G
               +--------+--------+--------+--------+--------+-----+--------+
         Total |   3813 |   3715 |     98 |    264 |   2729 |   6 |  635.5 |
       Dungeon |   3813 |   3715 |     98 |    264 |   2729 |   6 |  635.5 |
               +--------+--------+--------+--------+--------+-----+--------+

Top non-repeatable levels by time:
     D:2: 1134 daAuts
     D:3: 900 daAuts
     D:4: 597 daAuts
     D:1: 540 daAuts
     D:6: 519 daAuts
     D:5: 122 daAuts
